 Dungeon Crawl Stone Soup version 0.20-a0-1114-g33edf32 (console) character file.

1411 nht the Martial Artist (level 8, -12/48 HPs)
             Began as an Octopode Transmuter on May 6, 2017.
             Was a Believer of Yredelemnul.
             Mangled by a shadow (30 damage)
             ... on level 7 of the Dungeon.
             The game lasted 00:11:41 (5891 turns).

nht the Martial Artist (Octopode Transmuter)        Turns: 5891, Time: 00:11:42

Health: -12/48     AC:  2    Str: 10    XL:     8   Next: 70%
Magic:  10/11      EV: 19    Int: 17    God:    Yredelemnul [**....]
Gold:   424        SH:  0    Dex: 17    Spells: 7/11 levels left

rFire    . . .     SeeInvis .     - Unarmed
rCold    . . .     Gourm    .   (shield currently unavailable)
rNeg     . . .     Faith    .   (helmet currently unavailable)
rPois    x         Spirit   .   (no amulet)
rElec    .         Reflect  .   k - ring of wizardry
rCorr    .         Harm     .   (no ring)
MR       .....                  (no ring)
Stlth    ++........             (no ring)
Regen    0.2/turn               (no ring)
MPRegen  0.2/turn               (no ring)
                                (no ring)
                                (no ring)

@: spider-form (expiring)
A: almost no armour, stealthy swim, (amphibious), 8 rings, (constrict 8)
a: End Transformation, Animate Remains, Recall Undead Slaves, Injury Mirror,
Renounce Religion


You were on level 7 of the Dungeon.
You worshipped Yredelemnul.
Yredelemnul was pleased with you.
You were not hungry.
You were a venomous arachnid creature.
You visited 1 branch of the dungeon, and saw 7 of its levels.
You also visited: Sewer.

You collected 424 gold pieces.

Inventory:

Hand Weapons
 a - the +4 flail "Ehunec" {freeze, Int+6, unknown}
   (You found it on level 7 of the Dungeon)

   It has been specially enchanted to freeze those struck by it, causing extra
   injury to most foes and up to half again as much damage against particularly
   susceptible opponents.
   It can also slow down cold-blooded creatures.
   It affects your intelligence (+6).
Jewellery
 k - a ring of wizardry (left front leg)
Wands
 l - a wand of enslavement (12/24)
 r - a wand of lightning (7/15)
 s - a wand of iceblast (7/15)
 t - a wand of paralysis (18/24)
Scrolls
 f - 4 scrolls of teleportation
 h - 2 scrolls of remove curse
 m - 2 scrolls of enchant weapon
 u - a scroll of fog
 x - a scroll of blinking
Potions
 e - a potion of ambrosia
 j - 3 potions of mutation
 n - a potion of resistance
 p - 2 potions of curing
 v - a potion of heal wounds {unknown}
 w - a potion of agility
Books
 b - a book of Changes

   Spells                             Type                      Level
   a - Beastly Appendage              Transmutation                1
   b - Sticks to Snakes               Transmutation                2
   c - Spider Form                    Transmutation/Poison         3
   d - Ice Form                       Ice/Transmutation            4
   e - Blade Hands                    Transmutation                5
 g - a book of Misfortune

   Spells                             Type                      Level
   a - Confusing Touch                Hexes                        1
   b - Confuse                        Hexes                        3
   c - Gell's Gravitas                Translocation                3
   d - Petrify                        Transmutation/Earth          4
   e - Metabolic Englaciation         Hexes/Ice                    5
   f - Yara's Violent Unravelling     Hexes/Transmutation          5
 o - a book of Callings

   Spells                             Type                      Level
   a - Summon Small Mammal            Summoning                    1
   b - Call Imp                       Summoning                    2
   c - Call Canine Familiar           Summoning                    3
   d - Summon Guardian Golem          Hexes/Summoning              3
   e - Summon Lightning Spire         Summoning/Air                4
   f - Summon Ice Beast               Ice/Summoning                4
Comestibles
 c - 5 bread rations
 d - 4 fruits
 i - 2 meat rations
 q - a royal jelly
 z - 2 chunks of flesh


   Skills:
 - Level 1.0 Fighting
 - Level 2.0 Dodging
 * Level 8.6 Unarmed Combat
 - Level 2.0 Spellcasting
 + Level 5.8 Transmutations
 + Level 3.9 Invocations


You had 7 spell levels left.
You knew the following spells:

 Your Spells              Type           Power        Failure   Level  Hunger
a - Beastly Appendage     Tmut           ###...       3%          1    #......
b - Spider Form           Tmut/Pois      ##........   16%         3    ###....


Dungeon Overview and Level Annotations

Branches:
Dungeon (7/15)
 Temple: D:4-7

Altars:
Cheibriados
Elyvilon
Kikubaaqudgha
Makhleb
Nemelex Xobeh
Okawaru
Qazlal
Ru
Sif Muna
Trog
Uskayaw
Vehumet
Wu Jian
Yredelemnul

Annotations:
D:4 Pikel


Innate Abilities, Weirdness & Mutations

You cannot wear most types of armour.
You are very stealthy in the water. (Stealth+)
((You are amphibious.))
You can wear up to eight rings at the same time.
((You can use your tentacles to constrict eight enemies at once.))
((Your skin changes colour to match your surroundings (Stealth+).))
((Your rubbery body absorbs attacks. (AC +1, EV +1)))


Message History

The shadow strikes at you from the darkness!
Reactivating autopickup.
You bite the shadow!
The shadow is heavily damaged.
The shadow misses you.
You bite the shadow!
The shadow is almost destroyed.
The shadow hits you!
You barely miss the shadow.
The shadow is almost destroyed.
You barely miss the shadow.
The shadow is almost destroyed.
The shadow slips into darkness.
The shadow flickers and vanishes!
Deactivating autopickup; reactivate with Ctrl-A.
You barely miss something.
The shadow strikes at you from the darkness!
Ouch! That really hurt!
You die...
Your body rises from the dead as a mindless zombie.

..).....█ █.....
.....[..█ █.....
.......██████ █.....
█..........█ █.....
█..........+ █.....
█..........█ █.....
█...{......█ █.....
█...s......██+██.....
█...............███'█
█...............█....
█.....$.........█....
█...............█....
█...............███..
...█████████.......█..
... █.......+.. ..
█.......█..


There were no monsters in sight!

Vanquished Creatures
  2 sky beasts
  A phantom (D:6)
  An ogre (D:4)
  A centaur (D:5)
  A bullfrog (D:7)
  A crimson imp (D:5)
  A centaur zombie (D:5)
  A bullfrog skeleton (D:6)
  4 hounds
  An orc priest (D:6)
  2 jellies
  2 orc wizards (D:5)
  2 iguanas (D:4)
  3 worker ants
  A hound skeleton (D:4)
  Robin (D:3)
  A howler monkey zombie (D:4)
  4 gnolls (D:5)
  8 adders
  A river rat (Sewer)
  2 shadow imps (D:6)
  3 oozes
  An adder skeleton (D:6)
  3 worms
  8 dart slugs
  5 leopard geckos
  13 orcs
  4 ball pythons
  7 bats
  6 giant cockroaches
  20 goblins
  9 hobgoblins
  5 jackals
  10 kobolds
  3 quokkas
  11 frilled lizards
  A jackal zombie (D:5)
  19 rats
  A spectral orc (D:4)
170 creatures vanquished.

Vanquished Creatures (collateral kills)
  A centaur (D:6)
  A rat (Sewer)
2 creatures vanquished.

Grand Total: 172 creatures vanquished

Notes
Turn   | Place    | Note
-------+----------+-------------------------------------------
     0 | D:1      | nht the Octopode Transmuter began the quest for the Orb.
     0 | D:1      | Reached XP level 1. HP: 13/13 MP: 3/3
   178 | D:1      | Reached XP level 2. HP: 9/18 MP: 3/5
   629 | D:1      | Reached XP level 3. HP: 16/23 MP: 6/6
   637 | D:1      | Learned a level 3 spell: Spider Form
   738 | D:2      | Reached skill level 4 in Unarmed Combat
  1122 | D:2      | Reached XP level 4. HP: 23/28 MP: 7/7
  2311 | D:3      | Reached XP level 5. HP: 27/33 MP: 4/8
  2316 | D:3      | Reached skill level 5 in Unarmed Combat
  2536 | D:3      | Found a sacrificial altar of Ru.
  2568 | D:3      | Became a worshipper of Ru the Awakened
  2677 | D:3      | Noticed Robin
  2717 | D:3      | Killed Robin
  2872 | D:3      | Found a snail-covered altar of Cheibriados.
  2906 | D:4      | Noticed an ogre
  2912 | D:4      | Killed an ogre
  2912 | D:4      | Reached XP level 6. HP: 38/38 MP: 5/9
  3132 | D:4      | Reached skill level 6 in Unarmed Combat
  3147 | D:4      | Noticed Pikel
  3199 | D:4      | Noticed a slave
  3453 | D:4      | Noticed a slave
  3504 | D:4      | Found a basalt altar of Yredelemnul.
  3511 | D:4      | Fell from the grace of Ru
  3511 | D:4      | Became a worshipper of Yredelemnul the Dark
  3907 | D:5      | Entered Level 5 of the Dungeon
  3944 | D:5      | Reached XP level 7. HP: 42/43 MP: 6/10
  3959 | D:5      | Reached skill level 1 in Invocations
  4073 | D:5      | Reached skill level 7 in Unarmed Combat
  4150 | D:5      | Found an iron altar of Okawaru.
  4176 | D:5      | Found a white marble altar of Elyvilon.
  4406 | D:5      | Found a deep blue altar of Sif Muna.
  4450 | D:5      | Found a hide-covered altar of Uskayaw.
  4541 | D:5      | Reached skill level 5 in Transmutations
  4541 | D:5      | Reached XP level 8. HP: 41/48 MP: 8/11
  4605 | D:6      | Found an iron altar of Okawaru.
  4647 | D:6      | Reached * piety under Yredelemnul
  4672 | D:6      | Found a glowing drain.
  4693 | Sewer    | Entered a sewer
  5142 | D:6      | Found an ancient bone altar of Kikubaaqudgha.
  5147 | D:6      | Found a stormy altar of Qazlal.
  5148 | D:6      | Found a burning altar of Makhleb.
  5151 | D:6      | Found a radiant altar of Vehumet.
  5152 | D:6      | Found a bloodstained altar of Trog.
  5296 | D:6      | Found an ornate altar of the Wu Jian Council.
  5327 | D:6      | Reached skill level 8 in Unarmed Combat
  5600 | D:6      | Found a sparkling altar of Nemelex Xobeh.
  5807 | D:7      | Got a crude flail
  5813 | D:7      | Reached ** piety under Yredelemnul
  5882 | D:7      | Noticed a shadow
  5891 | D:7      | Mangled by a shadow

Vault maps used:
D:1:      dpeg_arrival_orchard
D:2:      kennysheep_six_static_rooms, first_bread
D:3:      cheibriados_altar_1, overflow_temple_1_default, uniq_robin
D:4:      yredelemnul_forgotten_temple_becter, supply_closet_lemuel,
          kennysheep_generic_room_15, uniq_pikel, uniq_blork_the_orc
D:5:      kennysheep_mini_moat, lemuel_coloured_pillars_altar,
          lemuel_blue_sif_altar, basic_altar
D:6:      lemuel_doored_altar, minitemple, basic_altar, portal_sewer_entry_f
D:7:      temple_hall, serial_glass, glass_columns_a, glass_columns_c
Sewer:    sewer_co_cracked_pipes

Skill      XL: |  1  2  3  4  5  6  7  8 |
---------------+-------------------------+-----
Unarmed Combat | 4 5 6 7 8 |  8.6
Transmutations | 3 4 5 |  5.8
Invocations    | 2 3 |  3.9
Fighting       | |  1.0
Dodging        | |  2.0
Spellcasting   | |  2.0

Action                   |  1- 3 |  4- 6 |  7- 9 || total
-------------------------+-------+-------+-------++-------
Melee: Unarmed           |    70 |   194 |   191 ||   455
       Constrict         |    15 |    32 |     9 ||    56
       Tentacles         |     9 |    16 |     3 ||    28
       Kick              |     2 |     4 |       ||     6
       Punch             |     1 |     2 |     1 ||     4
 Cast: Beastly Appendage |     1 |     1 |       ||     2
       Spider Form       |     1 |    13 |    22 ||    36
Invok: Animate Remains   |       |       |    13 ||    13
  Use: Potion            |     3 |     2 |     1 ||     6
       Scroll            |     2 |    10 |     5 ||    17
 Stab: Sleeping          |     8 |    11 |     3 ||    22
       Distracted        |     1 |       |       ||     1
  Eat: Chunk             |     1 |     9 |    13 ||    23
       Fruit             |       |       |     2 ||     2
Armor: Skin              |     3 |    12 |    18 ||    33
Dodge: Dodged            |    44 |   111 |   107 ||   262
